 Dungeon Crawl Stone Soup version 0.18.1-50-g88ac8fd (console) character file.

10264 Kloppie the Carver (level 11, -8/99 HPs)
             Began as a Mottled Draconian Berserker on Oct 16, 2016.
             Was a High Priest of Trog.
             Mangled by a komodo dragon (29 damage)
             ... on level 10 of the Dungeon.
             The game lasted 00:15:16 (10287 turns).

Kloppie the Carver (Mottled Draconian Berserker)   Turns: 10287, Time: 00:15:16

Health: -8/99      AC: 14    Str: 19    XL:     11   Next: 33%
Magic:  11/11      EV: 15    Int:  8    God:    Trog [*****.]
Gold:   610        SH:  0    Dex: 14    Spells: 0 memorised, 10 levels left

rFire  . . .     SeeInvis .     a - +3 long sword
rCold  . . .     Gourm    .     (armour unavailable)
rNeg   . . .     Faith    .     (no shield)
rPois  +         Spirit   .     (helmet restricted)
rElec  .         Dismiss  .     u - +0 cloak
rCorr  .         Reflect  .     (no gloves)
SustAt .         Harm     .     y - +1 pair of boots
MR     ++...                    (no amulet)
Stlth  +.........               q - +4 ring of protection
                                B - ring of poison resistance

@: exhausted, regenerating, very resistant to hostile enchantments, very
unstealthy
A: breathe sticky flame splash, unfitting armour, cold-blooded, AC +7
a: Breathe Sticky Flame, Berserk, Trog's Hand, Brothers in Arms, Burn
Spellbooks, Renounce Religion


You were on level 10 of the Dungeon.
You worshipped Trog.
Trog was extremely pleased with you.
You were not hungry.

You visited 1 branch of the dungeon, and saw 10 of its levels.
You also visited: Ossuary.

You collected 610 gold pieces.

Inventory:

Hand Weapons
 a - a +3 long sword (weapon)
 w - a +0 falchion
Armour
 u - a +0 cloak (worn)
 y - a +1 pair of boots (worn)
Jewellery
 c - an uncursed ring of stealth
 q - a +4 ring of protection (right hand)
 B - a ring of poison resistance (left hand)
Wands
 e - a wand of digging (13/24)
Scrolls
 d - 6 scrolls of remove curse
 g - 2 scrolls of magic mapping
 l - a scroll of fear
 p - 4 scrolls of recharging
 D - 3 scrolls of teleportation
 J - a scroll of fog
Potions
 h - 3 potions of berserk rage
 i - 2 potions of heal wounds
 o - a potion of cure mutation
 s - a potion of brilliance
 t - a potion of might
 v - 2 potions of flight
 x - 5 potions of agility {unknown}
 z - 2 potions of haste
 A - 8 potions of curing {unknown}
 E - 2 potions of invisibility {unknown}
Comestibles
 b - 6 chunks of flesh
 f - 3 meat rations
 C - 3 slices of pizza
 F - 2 bread rations
 N - 9 royal jellies
 O - 6 fruits


   Skills:
 + Level 10.1 Fighting
 * Level 14.4 Long Blades
 - Level 5.4 Dodging


You had 10 spell levels left.
You didn't know any spells.

Dungeon Overview and Level Annotations

Branches:
Dungeon (10/15)            Temple (0/1) D:5
   Lair: D:8-11         Orc: D:9-12

Altars:
Dithmenos
Elyvilon
Okawaru
Ru

Annotations:
D:10 4 runed doors


Innate Abilities, Weirdness & Mutations

You can spit globs of burning liquid.
You can ignite nearby creatures when you spit burning liquid.
Your weird mottled scales are hard (AC +7).
Your body does not fit into most forms of armour.
You are cold-blooded and may be slowed by cold attacks.


Message History

You're too exhausted to go berserk.
You barely miss the komodo dragon.
The komodo dragon is heavily wounded.
The komodo dragon bites you!!
You slice the komodo dragon!!
The komodo dragon is almost dead.
The komodo dragon bites you!
* * * LOW HITPOINT WARNING * * *
Eat one of 7 chunks of flesh? (ye/n/q/i?) This raw flesh tastes terrible.
The komodo dragon bites you but does no damage.
The komodo dragon bites you!!
* * * LOW HITPOINT WARNING * * *
You continue eating.
The komodo dragon bites you!
* * * LOW HITPOINT WARNING * * *
The komodo dragon misses you.
You continue eating.
The komodo dragon bites you!!
You die...

## ##### #.### #####.#.##.# .# ##
###....††.÷.###.#..#
#.÷...###....)l..).##
####(.##..####..@l......#
#...####### ##.###...... .####
### ##.... ## ... .. #
########### #####################
#......#..###...........)##..#...


You could see 2 komodo dragons.

Vanquished Creatures
  A hydra (D:10)
  The ghost of Peloso the Blocker, a novice MiFi of Okawaru (D:10)
  A hill giant (D:10)
  A cyclops (D:10)
  The ghost of Kirkhe the Covert, a novice OpAs (D:6)
  3 komodo dragons (D:10)
  A troll (D:9)
  Grinder (D:5)
  The ghost of Dioneo the Skirmisher, an amateur DrAK of Lugonu (D:3)
  Eustachio (D:5)
  A yak (D:10)
  A hippogriff (D:9)
  A water moccasin (D:10)
  2 soldier ants (D:9)
  A swamp drake (D:10)
  5 orc warriors
  4 black bears
  4 ice beasts
  A wasp (D:8)
  8 ogres
  3 phantoms
  4 centaurs
  2 big kobolds
  Blork the orc (D:5)
  2 wyvern zombies
  7 giant frogs
  6 water moccasin zombies
  3 scorpions
  3 wights (D:6)
  6 killer bees (D:7)
  2 howler monkeys
  4 crimson imps
  A centaur zombie (D:10)
  2 giant frog skeletons
  4 hounds
  An orc priest (D:5)
  A jelly (D:5)
  5 orc wizards
  5 iguanas
  12 worker ants
  A killer bee zombie (D:9)
  2 big kobold zombies (Ossuary)
  A hound skeleton (D:4)
  3 mummies
  14 gnolls
  6 adders
  2 shadow imps
  7 adder zombies (Ossuary)
  An adder skeleton (D:7)
  A worm (D:4)
  2 dart slugs (D:1)
  8 giant geckos
  41 orcs
  4 ball pythons
  5 bats
  2 giant cockroaches
  A gnoll zombie (Ossuary)
  7 hobgoblins
  12 jackals
  6 kobolds
  A quokka (D:3)
  A ball python zombie (D:5)
  5 giant newts
  8 goblins
  5 hobgoblin zombies (Ossuary)
  A jackal zombie (D:7)
  3 kobold zombies (Ossuary)
  7 orc zombies (Ossuary)
  A quokka zombie (D:6)
  6 rats
278 creatures vanquished.

Vanquished Creatures (others)
  A shadow imp (D:6)
1 creature vanquished.

Grand Total: 279 creatures vanquished

Notes
Turn   | Place    | Note
--------------------------------------------------------------
     0 | D:1      | Kloppie the Draconian Berserker began the quest for the Orb.
     0 | D:1      | Reached XP level 1. HP: 19/19 MP: 1/1
    91 | D:1      | Reached XP level 2. HP: 14/26 MP: 2/2
   678 | D:1      | Reached ** piety under Trog
   747 | D:1      | Reached XP level 3. HP: 31/33 MP: 3/3
  1283 | D:2      | Reached skill level 4 in Long Blades
  1705 | D:3      | Noticed Dioneo's ghost (amateur DrAK)
  1715 | D:3      | Killed Dioneo's ghost
  1715 | D:3      | Reached skill level 5 in Long Blades
  1715 | D:3      | Reached XP level 4. HP: 41/41 MP: 4/4
  1715 | D:3      | Reached XP level 5. HP: 47/47 MP: 5/5
  1775 | D:3      | Found a white marble altar of Elyvilon.
  1808 | D:3      | Found a sacrificial altar of Ru.
  1838 | D:3      | Found an iron altar of Okawaru.
  2095 | D:4      | Noticed an ogre
  2102 | D:4      | Killed an ogre
  2102 | D:4      | Reached skill level 5 in Fighting
  2102 | D:4      | Reached XP level 6. HP: 46/56 MP: 6/6
  2269 | D:4      | Reached skill level 6 in Long Blades
  2706 | D:4      | Found a shadowy altar of Dithmenos.
  3171 | D:4      | Your scales start taking on a weird mottled colour.
  3171 | D:4      | Reached XP level 7. HP: 62/62 MP: 7/7
  3291 | D:5      | Entered Level 5 of the Dungeon
  3416 | D:5      | Reached skill level 7 in Long Blades
  3426 | D:5      | Reached *** piety under Trog
  3862 | D:5      | Reached skill level 8 in Long Blades
  4113 | D:5      | Reached XP level 8. HP: 54/71 MP: 8/8
  4157 | D:5      | Found a staircase to the Ecumenical Temple.
  4371 | D:5      | Noticed Grinder
  4372 | D:5      | Noticed Blork the orc
  4379 | D:5      | Killed Grinder
  4379 | D:5      | Reached skill level 9 in Long Blades
  4384 | D:5      | Killed Blork the orc
  4600 | D:5      | Noticed Eustachio
  4619 | D:5      | Killed Eustachio
  4896 | D:6      | Found a sand-covered staircase.
  4907 | Ossuary  | Entered an ossuary
  4949 | Ossuary  | Reached skill level 10 in Long Blades
  4961 | Ossuary  | Reached XP level 9. HP: 77/81 MP: 9/9
  5251 | D:6      | Noticed Kirkhe's ghost (novice OpAs)
  5261 | D:6      | Killed Kirkhe's ghost
  5794 | D:6      | Reached skill level 11 in Long Blades
  6278 | D:7      | Reached skill level 5 in Dodging
  6486 | D:7      | Reached **** piety under Trog
  6577 | D:7      | Reached XP level 10. HP: 48/88 MP: 10/10
  6771 | D:7      | Reached skill level 12 in Long Blades
  7822 | D:9      | Reached ***** piety under Trog
  8170 | D:9      | Reached skill level 13 in Long Blades
  8431 | D:10     | Entered Level 10 of the Dungeon
  8456 | D:10     | Found a large runed door.
  8456 | D:10     | Found a large runed door.
  8474 | D:10     | Found a large runed door.
  8474 | D:10     | Found a large runed door.
  8617 | D:10     | Noticed a five-headed hydra
  8628 | D:10     | HP: 6/135 [ten-headed hydra (10)]
  8631 | D:10     | Killed a 12-headed hydra
  8981 | D:10     | Noticed Peloso's ghost (novice MiFi)
  8995 | D:10     | Killed Peloso's ghost
  9026 | D:10     | Noticed a cyclops
  9037 | D:10     | Killed a cyclops
  9037 | D:10     | Reached XP level 11. HP: 43/97 MP: 11/11
  9293 | D:10     | Reached skill level 14 in Long Blades
  9309 | D:10     | Noticed a hill giant
  9329 | D:10     | Killed a hill giant
  9448 | D:10     | Received a gift from Trog
 10118 | D:10     | Reached skill level 10 in Fighting
 10287 | D:10     | Mangled by a komodo dragon

Skill      XL: |  1  2  3  4  5  6  7  8  9 10 11 |
---------------+----------------------------------+-----
Fighting       | 4 5 6 8 9 10 | 10.1
Long Blades    | 5 6 8 10 11 13 14 | 14.4
Dodging        | 5 |  5.4

Action                   |  1- 3 |  4- 6 |  7- 9 | 10-12 || total
-------------------------+-------+-------+-------+-------++-------
Melee: Falchion          |   126 |    33 |       |       ||   159
       Tailslap          |    10 |     7 |    70 |    73 ||   160
       Long sword        |       |    37 |   514 |   432 ||   983
Invok: Berserk           |     4 |     2 |     7 |     6 ||    19
       Trog's Hand       |     1 |       |     3 |     2 ||     6
 Abil: Breathe Sticky Fl |       |       |     3 |     1 ||     4
  Use: Scroll            |       |       |    13 |     7 ||    20
 Stab: Sleeping          |     1 |     1 |     1 |     3 ||     6
       Confused          |       |       |       |     1 ||     1
  Eat: Bread ration      |     1 |       |     2 |       ||     3
       Chunk             |     1 |     6 |    11 |    19 ||    37
       Royal jelly       |       |     1 |       |       ||     1
Armor: Skin              |    35 |    22 |   164 |   105 ||   326
Dodge: Dodged            |    77 |    43 |   322 |   270 ||   712
